 Dungeon Crawl Stone Soup version 0.26.1-11-gd32895ea62 (webtiles) character file.

Game seed: 10737735420311609819

1511 Eitelfritz the Carver (level 8, -1/63 HPs)
             Began as a Minotaur Gladiator on June 20, 2021.
             Was a Follower of Hepliaklqana.
             Slain by a gnoll
             ... wielding a +0 spear
              (8 damage)
             ... on level 9 of the Dungeon.
             The game lasted 00:10:44 (6913 turns).

Eitelfritz the Carver (Minotaur Gladiator)          Turns: 6913, Time: 00:10:45

Health: -1/63      AC:  8    Str: 20    XL:     8   Next: 53%
Magic:  7/7        EV: 13    Int:  7    God:    Hepliaklqana [*.....]
Gold:   419        SH:  0    Dex: 11    Spells: 7/7 levels left

rFire    . . .     SeeInvis .   a - +0 long sword
rCold    . . .     Faith    .   (no shield)
rNeg     . . .     Spirit   .   j - +0 ring mail
rPois    .         Reflect  .   c - +2 hat
rElec    .         Harm     .   (no cloak)
rCorr    .         Rampage  .   (no gloves)
Will     .....                  (no boots)
Stlth    +.........             (no amulet)
HPRegen  0.20/turn              (no ring)
MPRegen  0.10/turn              (no ring)

@: no status effects
A: retaliatory headbutt, reduced essence, horns 2
a: Renounce Religion, Recall Ancestor, Ancestor Identity


You were on level 9 of the Dungeon.
You worshipped Hepliaklqana.
Hepliaklqana was aware of your devotion.
You visited 2 branches of the dungeon, and saw 8 of its levels.
You also visited: Ossuary.

You collected 419 gold pieces.

Inventory:

Hand Weapons
 a - a +0 long sword (weapon)
 b - a +0 shortbow
 m - a +0 hand axe of flaming
 o - a +0 morningstar
Missiles
 d - 3 throwing nets (quivered)
 z - 46 arrows
 D - 6 poisoned darts
Armour
 c - a +2 hat (worn)
 j - a +0 ring mail (worn)
 l - a +0 chain mail
Jewellery
 e - an uncursed amulet of reflection {unknown}
 h - an uncursed amulet of magic regeneration
 x - an uncursed ring of ice {unknown}
Wands
 r - a wand of iceblast (13)
 w - a wand of digging (8)
 A - a wand of flame (7)
 C - a wand of paralysis (6)
Scrolls
 f - 2 scrolls of teleportation
 g - 3 scrolls of amnesia
 u - a scroll of enchant armour
 v - 3 scrolls of remove curse
 B - a scroll of blinking {unknown}
 E - a scroll of identify
Potions
 i - 4 potions of brilliance
 k - a potion of magic {unknown}
 n - 2 potions of curing
 p - a potion of heal wounds
 q - a potion of attraction
 s - 2 potions of lignification
 t - 3 potions of haste {unknown}
 y - a potion of resistance


   Skills:
 + Level 6.4 Fighting
 + Level 8.4 Long Blades
 + Level 2.0 Throwing
 + Level 6.7 Armour
 + Level 5.0 Dodging
 + Level 1.4 Stealth


You had 7 spell levels left.
You didn't know any spells.
Your spell library was empty.

Dungeon Overview and Level Annotations

Branches:
Dungeon (6/15)             Temple (1/1) D:4         Ossuary (visited)

Altars:
Ashenzari
Cheibriados
Elyvilon
Fedhas
Hepliaklqana
Kikubaaqudgha
Makhleb
Nemelex Xobeh
Okawaru
Qazlal
Ru
Sif Muna
Trog
Uskayaw
Vehumet
Wu Jian
Xom
Yredelemnul
Zin
The Shining One

Shops:
D:6 ::


Innate Abilities, Weirdness & Mutations

You reflexively headbutt those who attack you in melee.
You have a pair of horns on your head.
Your life essence is reduced to manifest your ancestor. (-10% HP)


Message History

Unknown command.
The gnoll closely misses you. Ælfric barely misses the gnoll sergeant.
The gnoll misses you.
There is an open door here. Ælfric hits the gnoll sergeant.
You feel much better. The gnoll hits you but does no damage.
The gnoll sergeant hits you from afar with a +2 trident of protection! Ælfric hits the gnoll sergeant!
The gnoll hits you with a +0 club! The gnoll barely misses you.
The gnoll closely misses you.
You riposte.
You hit the gnoll but do no damage.
The gnoll is moderately wounded.
The gnoll sergeant hits you with a +2 trident of protection!
* * * LOW HITPOINT WARNING * * *
Ælfric barely misses the gnoll sergeant.
There is an open door, spattered with blood here.
The gnoll hits you with a +0 club.
* * * LOW HITPOINT WARNING * * *
The gnoll hits you from afar with a +0 spear!
You die...

#..###.....#
#..##.)...#
#..#..)..##
#).#....##
#..'...##
#..#R.######+###
#..#.###.#.....#
#..####..#)....#
#..###((@'g(...+
#..##...g#gR...#
#..#(....#.gZ..#
#..#)...####'###
#..)†..###....$#
#.)#..###.....##
#..#.###.....##
#..####.....##
#..# #.....#


You could see the friendly Ælfric the ancestor, a gnoll sergeant, 3 gnolls and a
quokka skeleton.

Vanquished Creatures
  An ogre (D:9)
  2 phantoms
  2 centaurs
  A big kobold (D:9)
  A bullfrog (D:6)
  4 killer bees (D:5)
  A bullfrog skeleton (D:5)
  4 hounds
  A bullfrog zombie (D:5)
  A jelly (D:5)
  An orc priest (D:5)
  An iron imp (D:4)
  An orc wizard (D:3)
  An iguana (D:5)
  A worker ant (D:4)
  A hound zombie (Ossuary)
  3 mummies (Ossuary)
  5 gnolls
  7 adders
  A white imp (D:5)
  An ufetubus (D:5)
  An ooze (D:2)
  2 worms (D:2)
  An adder skeleton (D:9)
  2 adder zombies (Ossuary)
  3 dart slugs (D:2)
  A leopard gecko (D:1)
  24 orcs
  2 ball pythons (D:2)
  4 giant cockroaches
  3 hobgoblins
  2 jackals (D:1)
  2 quokkas (D:2)
  4 bats
  6 frilled lizards
  A gnoll zombie (D:5)
  6 goblins
  3 goblin zombies (Ossuary)
  4 jackal zombies
  9 kobolds
  A kobold zombie (Ossuary)
  A leopard gecko skeleton (D:5)
  A leopard gecko zombie (D:5)
  3 rats
127 creatures vanquished.

Vanquished Creatures (collateral kills)
  A killer bee (D:5)
  A mummy (Ossuary)
  4 gnolls (D:5)
  An adder (D:5)
  A white imp (D:5)
  An ooze (D:5)
  A worm zombie (D:5)
  A dart slug (D:5)
  A leopard gecko (D:5)
  A gnoll zombie (D:5)
  A jackal zombie (D:5)
  A kobold zombie (Ossuary)
  A rat zombie (Ossuary)
16 creatures vanquished.

Vanquished Creatures (others)
  2 ancestors
2 creatures vanquished.

Grand Total: 145 creatures vanquished

Notes
Turn   | Place    | Note
-------+----------+-------------------------------------------
     0 | D:1      | Eitelfritz the Minotaur Gladiator began the quest for the
                  | Orb.
     0 | D:1      | Reached XP level 1. HP: 18/18 MP: 0/0
   458 | D:1      | Reached skill level 1 in Armour
   458 | D:1      | Reached XP level 2. HP: 21/25 MP: 1/1
   914 | D:2      | Reached skill level 4 in Long Blades
   963 | D:2      | Reached XP level 3. HP: 24/30 MP: 2/2
  1467 | D:2      | Reached XP level 4. HP: 37/37 MP: 3/3
  1504 | D:2      | Found a stormy altar of Qazlal.
  2261 | D:3      | Reached skill level 5 in Long Blades
  2401 | D:3      | Reached XP level 5. HP: 9/45 MP: 4/4
  2692 | D:2      | Found a burning altar of Makhleb.
  3020 | D:4      | Found a blossoming altar of Fedhas.
  3139 | D:4      | Noticed a phantom
  3175 | D:4      | Killed a phantom
  3176 | D:4      | Reached XP level 6. HP: 15/52 MP: 5/5
  3412 | D:4      | Found a staircase to the Ecumenical Temple.
  3563 | D:4      | Found a snail-covered altar of Cheibriados.
  3689 | D:4      | Found a bloodstained altar of Trog.
  3761 | D:4      | Found a glowing golden altar of the Shining One.
  4153 | Temple   | Entered the Ecumenical Temple
  4383 | Temple   | Became a worshipper of Hepliaklqana the Forgotten
  4450 | D:5      | Entered Level 5 of the Dungeon
  4451 | D:5      | Found Hiqap's Assorted Antiques.
  4460 | D:5      | Reached skill level 1 in Stealth
  4595 | D:5      | Reached skill level 6 in Long Blades
  4693 | D:5      | Reached XP level 7. HP: 19/54 MP: 6/6
  4735 | D:5      | Found a sand-covered staircase.
  4749 | Ossuary  | Entered an ossuary
  5251 | D:5      | Reached skill level 5 in Armour
  5273 | D:5      | Reached * piety under Hepliaklqana
  5398 | D:5      | Reached skill level 7 in Long Blades
  5527 | D:5      | Reached skill level 5 in Fighting
  5892 | D:5      | Reached XP level 8. HP: 54/63 MP: 7/7
  6498 | D:6      | Found Ipiasy's Book Boutique.
  6517 | D:6      | Found a shimmering altar of Xom.
  6585 | D:6      | Found Fuely's Book Boutique.
  6596 | D:6      | You fall into a shaft and drop 3 floors!
  6621 | D:9      | Reached skill level 8 in Long Blades
  6777 | D:9      | Reached skill level 5 in Dodging
  6913 | D:9      | Slain by a gnoll

Illustrated notes

Levels and vault maps discovered:
D:1:      lemuel_arrival_cross, layout_basic
D:2:      layout_basic, nicolae_overflow_hidden_temple, minmay_circle_x
D:3:      layout_basic
D:4:      layout_gridville, kennysheep_little_box, general_overflow_altar,
          bloody_trog, temple_doors_e, chei_slow_surprise
D:5:      layout_cave_pods, enter_ossuary_3, serial_shops, nicolae_shop_stone
D:6:      layout_layer_cave, xom_teletrap_fun, serial_shops, shop, shop,
          nicolae_shop_temple_entry_statues_fountains, shop_statue,
          nicolae_shop_waterfront, uniq_eustachio
D:9:      layout_basic, nicolae_dithmenos_through_a_glass_darkly,
          lemuel_crystal_altar, minmay_quadrilaterals, uniq_maurice, uniq_harold
Temple:   nicolae_temple_figure_eight

Skill      XL: |  1  2  3  4  5  6  7  8 |
---------------+-------------------------+-----
Armour         | 1 2 3 4 5 6 |  6.7
Long Blades    | 4 5 6 7 8 |  8.4
Fighting       | 3 4 5 6 |  6.4
Dodging        | 4 5 |  5.0
Stealth        | 1 |  1.4
Throwing       | |  2.0

Action                   |  1- 3 |  4- 6 |  7- 9 || total
-------------------------+-------+-------+-------++-------
Melee: Long sword        |    61 |   108 |   135 ||   304
       Headbutt          |     8 |    18 |    31 ||    57
Invok: Recall Ancestor   |       |       |     1 ||     1
  Use: Scroll            |       |    11 |     4 ||    15
       Potion            |       |     1 |     1 ||     2
Armor: Leather armour    |     9 |       |       ||     9
       Ring mail         |    17 |    42 |    60 ||   119
Dodge: Dodged            |    63 |   105 |   145 ||   313
       Rpst.: Long sword |    14 |    25 |    36 ||    75
